AoeStats
← cccccccccc

Oasis

509843435Analyzed
4v4 RM · 2d ago on Sep 28, 2026· 27m 2s· 8 players
Game mode
Random Map
Map size
Large (8 player)
Population
200
Speed
Normal
Resources
Standard
Victory
Conquest
Starting age
Dark Age
Ending age
Imperial Age
RankedLock teamsTeams togetherTeam positionsShared explorationLock speedFull tech treeHidden civsTurbo modeCheats
Victory
Defeat
1474
+13
🇹🇼 Saracens · Taiwan
1464
+13
🇹🇼 Khmer · Taiwan
1437
+14
🇦🇷 Hindustanis · Argentina
1332
+18
🇩🇪 Britons · Germany
1425
-16
🇨🇳 Franks · China
1406
-15
🇵🇹 Dravidians · Portugal
1400
-15
🇨🇳 Spanish · China
1343
-12
猪大肠
7:08 Loom
10:16 Feudal Age
12:05 Double-Bit Axe
14:26 Scale Barding Armor
25:41 Castle Age
Mapo
7:01 Loom
9:15 Feudal Age
15:14 Castle Age
18:11 Double-Bit Axe
19:24 Horse Collar
24:30 Bow Saw
Combi | Papin
7:02 Loom
9:24 Feudal Age
11:08 Fletching
22:13 Padded Archer Armor
Oh Bossom
7:09 Loom
9:26 Feudal Age
13:07 Fletching
15:14 Horse Collar
17:12 Double-Bit Axe
22:13 Castle Age
20:30 Padded Archer Armor
20:37 Gold Mining
22:04 Town Watch
22:20 Crossbowman
22:59 Bodkin Arrow
25:05 Gold Shaft Mining
阿姆斯特朗旋風噴射騎鯊聖熊
0:28 Loom
11:58 Feudal Age
22:53 Castle Age
22:09 Fletching
26:55 Double-Bit Axe
cccccccccc
11:10 Feudal Age
16:29 Castle Age
14:59 Double-Bit Axe
15:49 Horse Collar
19:54 Heavy Plow
21:09 Bow Saw
22:21 Bow Saw
27:10 Wheelbarrow
嚴肅學習
6:59 Loom
9:10 Feudal Age
9:54 Double-Bit Axe
10:36 Double-Bit Axe
12:19 Scale Barding Armor
12:24 Forging
23:03 Castle Age
21:06 Gold Mining
21:20 Fletching
21:41 Forging
23:30 Bloodlines
23:07 Light Cavalry
23:56 Husbandry
26:03 Chain Barding Armor
誰都打不過
6:01 Loom
6:07 Loom
6:13 Loom
8:46 Feudal Age
12:32 Fletching
17:26 Padded Archer Armor
21:47 Castle Age
21:15 Double-Bit Axe
21:22 Gold Mining
21:49 Crossbowman
22:31 Bodkin Arrow
Connection lost

Rejoining the realm…

Still unreachable

The connection could not be restored.

Session expired

The server has moved on; the page needs a fresh start.